Oboro, chaotic female human Rogue -------------- ############-...........S@# ------------ # |...........S|# |..........|###` |.........{..|# |.[........|## |............|# |..>.......-## |............|# ----.-------# --------|-----# ## # # # # # ### # # # # # # # # ------ ### # # -----|-- ###|....| # ## # |......| #|.....### ## #-----# |!!!!!!| |....| # -----.----- ##....|# |!!!!!!| |.....####..........| ##|...|# |!!!!!!| ------ |..`.......#####..<.-# |!!!!!!| |.........| |...| -------- ----------- ----- Oboro the Cutpurse Experience level: 3 Strength: 9 Dexterity: 18 Constitution: 11 Intelligence: 13 Wisdom: 15 Charisma: 10 Health: 0(26) Energy: 15(15) Def: 3 Gold: 249 Moves: 2524 Dungeon seed: oBkgtfkWgdXbZGgZ Game ID: Oboro_1553063528 Your Inventory: Coins $ - 249 gold pieces Weapons a - an uncursed +0 short sword m - a cursed thoroughly rusty -2 broadsword (weapon in hand) s - an uncursed corroded +0 dagger t - 10 uncursed +0 daggers (in quiver) Armor e - an uncursed +1 leather armor (being worn) n - an uncursed +0 cloak of displacement Comestibles p - an uncursed eucalyptus leaf Rings j - a cursed ring of searching v - a cursed ring of slow digestion y - an uncursed ring of searching Wands h - an uncursed wand of opening (0:3) x - an uncursed wand of create monster (0:13) E - an uncursed wand of digging (0:5) Tools b - an uncursed sack o - an uncursed lock pick A - an uncursed lock pick B - an uncursed blindfold Gems r - 2 uncursed worthless pieces of red glass z - an uncursed worthless piece of violet glass N - 2 uncursed worthless pieces of yellowish brown glass Contents of the sack: a [uncursed] scroll of enchant armor a [blessed] scroll of fire a [uncursed] scroll of remove curse 2 [uncursed] scrolls of scare monster a [uncursed] scroll of teleportation a [uncursed] potion of invisibility an uncursed potion of sickness Spells and supernatural/magical abilities: Name Level Category Fail Memory W - pray for help -- divine ? -- Your skills at the end: Miscellaneous Skills wands [Basic] Weapon Skills dagger [Basic] short sword [Basic] Spellcasting Skills Final Attributes: You were piously aligned. Your writing hand was ok. You were somewhat stealthy. You were lucky. You are dead. Vanquished creatures: a homunculus an iguana an acid blob a large kobold 2 geckos 4 giant rats 2 cave spiders a brown mold 3 jackals 6 newts 3 grid bugs 4 lichens a kobold zombie 30 creatures vanquished. Voluntary challenges: You did not adorn yourself with jewelry or accessories. You did not cause conflict. You were not invisible. You did not have reflection. You were not displaced. You were an atheist. You used a wielded weapon 50 times, starting on turn 18. You did not apply a unicorn horn. You did not use sinks. You did not drink any magical draughts. You read items or engraved 3 times, starting on turn 1147. You never genocided any monsters. You never polymorphed an object. You never changed form. You used no wishes. You never split a pudding. You never wrote Elbereth's name. You never violated your personal moral code. Dungeon overview: The Dungeons of Doom: levels 1 to 5 Level 1 (left 1 chest) a fountain a long staircase Level 2 <- You were here a potion shop, a fountain Level 3 Level 4 stairs to The Gnomish Mines Level 5 The Gnomish Mines: Level 5 stairs to The Dungeons of Doom History has recorded: On T:1 you entered the Dungeons of Doom to retrieve the Amulet of Yendor! On T:360 you reached level 2 of The Dungeons of Doom. On T:654 you reached level 3 of The Dungeons of Doom. On T:680 you advanced to experience level 2. On T:1044 you reached level 4 of The Dungeons of Doom. On T:1136 you advanced to experience level 3. On T:2344 you reached level 5 of The Dungeons of Doom. On T:2393 you reached level 1 of The Gnomish Mines. Score breakdown: Gold: 249 ( 24 points) Experience: 3 levels ( 200 points) Exploration: 5 levels ( 120 points) Discoveries: 14 items ( 700 points) Variety of kills: 13 monsters ( 650 points) Major goal: (nothing yet) ( 0 points) Survival: died (score multiplied by 3) Total score: 5082 Latest messages: You feel tough! You must be leading a healthy life-style. That is a silly thing to dip the broadsword into. Your broadsword rusts! Your broadsword rusts further! Your broadsword rusts completely! An endless stream of snakes pours forth! The water moccasin bites! (3x) The water moccasin just misses! The water moccasin bites! (4x) The water moccasin's bite was poisoned! You die... Final status: Goodbye Oboro the Rogue, poisoned by a water moccasin... You died in The Dungeons of Doom on dungeon level 2 with 5082 points, and 249 pieces of gold, after 2524 moves. You were level 3 with a maximum of 26 hit points when you died.